 Dungeon Crawl Stone Soup version 0.30-a0-12-gd8047c6341 (webtiles) character file.

Game seed: 5163075604931450992

83 Newt the Trooper (level 4, 0/55 HPs)
             Began as a Demonspawn Gladiator on Aug 23, 2022.
             Slain by an orc wizard
             ... wielding a +0 dagger
              (2 damage)
             ... on level 3 of the Dungeon.
             The game lasted 00:03:29 (2106 turns).

Newt the Trooper (Demonspawn Gladiator)             Turns: 2106, Time: 00:03:30

Health: 0/55       AC: 22    Str: 17    XL:     4   Next: 22%
Magic:  4/4        EV:  2    Int:  9    God:
Gold:   155        SH:  0    Dex: 14    Spells: 3/3 levels left

rFire   . . .      SeeInvis .    a - +0 rapier
rCold   . . .      Faith    .    (no shield)
rNeg    . . .      Spirit   .    (body armour currently unavailable)
rPois   +          Reflect  .    (helmet currently unavailable)
rElec   .          Harm     .    (cloak currently unavailable)
rCorr   .          Rampage  .    (gloves currently unavailable)
Will    .....      NoTele   +    (boots currently unavailable)
Stlth   ++........               (no amulet)
HPRegen 0.18/turn                (no ring)
MPRegen 0.09/turn                (no ring)

@: tree-form (expiring), attractive
A: stationary, stasis, torment immunity, boosted hp, (sanguine armour 1),
condensation shield, (weakness stinger 1)
a: no special abilities


You were on level 3 of the Dungeon.
You were a tree.
You visited 1 branch of the dungeon, and saw 3 of its levels.

You collected 155 gold pieces.

Inventory:

Hand Weapons
 a - a +0 rapier (weapon)
Missiles
 d - 3 throwing nets (quivered)
 e - a javelin
Armour
 b - a +0 leather armour
 c - a +0 helmet (melded)
 f - a +3 chain mail of poison resistance (melded)
 j - a +0 ring mail
Scrolls
 g - a scroll of vulnerability
 h - 2 scrolls of identify
 l - a scroll of enchant armour {unknown}
 m - a scroll of teleportation {unknown}


   Skills:
 + Level 3.9 Fighting
 - Level 2.6 Short Blades
 - Level 1.7 Throwing
 - Level 2.6 Dodging
 - Level 2.0 Stealth


You had 3 spell levels left.
You didn't know any spells.
Your spell library contained the following spells:

 Spells                   Type           Power      Damage    Failure   Level
 Shock                    Conj/Air       0%         1d3       38%         1
 Swiftness                Air            0%         N/A       77%         3
 Airstrike                Air            0%         2d(0-16)  99%         4


Dungeon Overview and Level Annotations

Branches:
Dungeon (3/15)

Altars:


Innate Abilities, Weirdness & Mutations

You are a tree.
Your roots penetrate the ground, keeping you stationary.
You cannot be teleported.
You are immune to unholy pain and torment.
Your maximum health is greatly increased.
Your equipment is partially melded.
((When seriously injured, your blood forms armour. (AC +0)))
A meltable shield of frost defends you. (SH +0)
((You have a small tail.))


Message History

You attack the rock wall.
Something hits you but does no damage. The orc hits you with a +0 flail.
The orc barely misses you.
You miss the orc. Something hits you but does no damage.
The orc hits you with a +0 flail.
* * * LOW HITPOINT WARNING * * *
The orc hits you but does no damage.
You closely miss the orc. Something hits you but does no damage.
The orc hits you but does no damage. x2
You attack the rock wall.
You feel less confused. Something hits you.
* * * LOW HITPOINT WARNING * * *
The orc hits you with a +0 flail.
* * * LOW HITPOINT WARNING * * *
The orc hits you but does no damage.
You hit the orc.
You kill the orc!
The orc hits you but does no damage. Something hits you but does no damage.
You hit the orc.
The orc is moderately wounded.
Something hits you but does no damage. The orc hits you but does no damage.
The orc hits you with a +0 falchion.
* * * LOW HITPOINT WARNING * * *
Okay, then.
It was a potion of attraction.
You feel attractive to monsters. Something hits you but does no damage.
The orc hits you but does no damage. x2
You hit the orc but do no damage.
The orc is moderately wounded.
Something hits you.
* * * LOW HITPOINT WARNING * * *
The orc hits you but does no damage. The orc completely misses you.
You hit the orc.
The orc is severely wounded.
The orc hits you with a +0 falchion.
* * * LOW HITPOINT WARNING * * *
The orc hits you with a +0 flail.
* * * LOW HITPOINT WARNING * * *
Something hits you.
You die...

#..<....#.
#..!......#
#.........#
#..######.#
#..# # #..#
#o## #o#
#♣#
......o{#
........#
....^.###
......
......
..... .....


You could see 3 orcs.

Vanquished Creatures
  An orc wizard (D:3)
  An adder (D:2)
  A worm (D:2)
  3 orcs (D:3)
  2 endoplasms (D:1)
  3 giant cockroaches (D:1)
  7 goblins
  3 hobgoblins (D:1)
  3 jackals (D:1)
  2 quokkas (D:1)
  4 ball pythons
  3 frilled lizards
  4 kobolds
  3 rats
40 creatures vanquished.

Notes
Turn   | Place    | Note
-------+----------+-------------------------------------------
     0 | D:1      | Newt the Demonspawn Gladiator began the quest for the Orb.
     0 | D:1      | Reached XP level 1. HP: 16/16 MP: 1/1
   267 | D:1      | Reached skill level 1 in Stealth
   281 | D:1      | Gained mutation: When seriously injured, your blood forms
                  | armour. (AC +0) [demonic ancestry]
   281 | D:1      | Reached XP level 2. HP: 9/22 MP: 2/2
  1248 | D:1      | Gained mutation: A meltable shield of frost defends you.
                  | (SH +0) [demonic ancestry]
  1248 | D:1      | Reached XP level 3. HP: 25/28 MP: 3/3
  1519 | D:2      | Reached skill level 3 in Fighting
  2092 | D:3      | Gained mutation: You have a small tail. [demonic ancestry]
  2092 | D:3      | Reached XP level 4. HP: 27/37 MP: 4/4
  2106 | D:3      | HP: 2/55 [orc/+0 flail (2)]
  2106 | D:3      | Slain by an orc wizard

Illustrated notes

Levels and vault maps discovered:
D:1:      dpeg_arrival_water_fire, layout_loops_ring
D:2:      layout_rooms
D:3:      layout_basic, ebering_ecumenical_altar_hall, minivault_14

Skill      XL: |  1  2  3 |
---------------+----------+-----
Stealth        | 1 2 |  2.0
Fighting       | 3 |  3.9
Short Blades   | |  2.6
Throwing       | |  1.7
Dodging        | |  2.6

Action                   |  1- 3 |  4- 6 || total
-------------------------+-------+-------++-------
Melee: Rapier            |   204 |    11 ||   215
       Punch             |     1 |       ||     1
Throw: Throwing net      |     3 |       ||     3
  Use: Scroll            |     4 |       ||     4
       Potion            |     1 |     1 ||     2
 Stab: Sleeping          |     2 |       ||     2
Armor: Leather armour    |    57 |       ||    57
       Chain mail        |    34 |       ||    34
       Skin              |    21 |    28 ||    49
Dodge: Dodged            |   124 |     4 ||   128
Block: Other             |    23 |       ||    23

Table legend: (Time is in decaauts)
 A = Elapsed time spent in this place.
 B = Non-inter-level travel time spent in this place.
 C = Inter-level travel time spent in this place.
 D = Time resting spent in this place.
 E = Time spent auto-exploring this place.
 F = Levels seen in this place.
 G = Mean time per level.
                   A        B        C        D        E       F      G
               +--------+--------+--------+--------+--------+-----+--------+
         Total |   2126 |   2087 |     39 |    316 |   1388 |   3 |  708.7 |
       Dungeon |   2126 |   2087 |     39 |    316 |   1388 |   3 |  708.7 |
               +--------+--------+--------+--------+--------+-----+--------+

Top non-repeatable levels by time:
     D:1: 1472 daAuts
     D:2: 574 daAuts
     D:3: 78 daAuts
